 Dungeon Crawl Stone Soup version 0.31.0-32-g396128a36d (webtiles) character file.

Game seed: 13588884916783040386

144 NotreDorf the Poker (level 5, -2/41 HPs)
             Began as a Merfolk Gladiator on Mar 30, 2024.
             Killed by nerve-wracking pain
             ... invoked by Grinder
              (14 damage)
             ... on level 3 of the Dungeon.
             The game lasted 00:07:21 (1544 turns).

NotreDorf the Poker (Merfolk Gladiator)             Turns: 1544, Time: 00:07:22

Health: -2/41      AC:  5    Str: 16    XL:     5   Next: 26%
Magic:  6/6        EV: 14    Int: 13    God:
Gold:   105        SH:  0    Dex: 16    Spells: 5/5 levels left

rFire   . . .        a - +0 trident
rCold   . . .        (no shield)
rNeg    . . .        b - +0 leather armour
rPois   .            n - +0 helmet
rElec   .            (no cloak)
rCorr   .            (no gloves)
SInv    .            c - +0 pair of boots
Will    .....        (no amulet)
Stlth   +            k - +6 ring of intelligence
HPRegen 0.26/turn    (no ring)
MPRegen 0.10/turn

%: no passive effects
@: no status effects
A: (nimble swimmer 2), mertail
a: no special abilities


You were on level 3 of the Dungeon.
You visited 1 branch of the dungeon, and saw 3 of its levels.

You collected 105 gold pieces.

Inventory:

Hand Weapons
 a - a +0 trident (weapon)
Missiles
 d - 2 throwing nets (quivered)
 e - a javelin
Armour
 b - a +0 leather armour (worn)
 c - a +0 pair of boots (worn)
 n - a +0 helmet (worn)
Jewellery
 k - a +6 ring of intelligence (left hand)
Talismans
 j - a maw talisman
Scrolls
 f - 2 scrolls of identify {unknown}
 g - a scroll of amnesia {unknown}
 i - a scroll of noise {unknown}
 l - 3 scrolls of teleportation {unknown}
 o - a scroll of poison {unknown}
Potions
 h - a potion of curing {unknown}


   Skills:
 + Level 3.3 Fighting
 + Level 5.0 Polearms
 - Level 2.0 Throwing
 + Level 5.0 Dodging
 + Level 1.4 Unarmed Combat
 - Level 0.8 Spellcasting
 + Level 2.0 Shapeshifting


You had 5 spell levels left.
You didn't know any spells.
Your spell library contained the following spells:

 Spells                   Type           Power      Damage    Failure   Level
 Inner Flame              Hex/Fire       0%         N/A       71%         3
 Flame Wave               Conj/Fire      0%         2d4       98%         4
 Sticky Flame             Fire/Alch      0%         2d4       98%         4


Dungeon Overview and Level Annotations

Branches:
Dungeon (3/15)

Altars:

Annotations:
D:3 Grinder


Innate Abilities, Weirdness & Mutations

((You are very nimble when in or above water. (Stealth+, EV+, Speed+++)))
Your lower body shifts to a powerful aquatic tail in water.


Message History

Grinder is heavily wounded.
Grinder barely misses you.
You puncture Grinder!
Grinder is severely wounded.
Grinder hits you!
You writhe in agony.
You hit Grinder but do no damage. You punch Grinder.
Grinder is severely wounded.
Grinder gestures at you. You resist with significant effort.
You closely miss Grinder.
Grinder is severely wounded.
Grinder says, "Mostly I couldn't keep them alive."
Grinder gestures at you.
You barely resist. You barely miss Grinder.
Grinder is severely wounded.
Grinder gestures at you.
You suddenly lose the ability to move!
Grinder blinks!
You can move again.
Grinder gestures at you. Pain shoots through your body!
* * * LOW HITPOINT WARNING * * *
You see here a hobgoblin corpse.
Grinder gestures at you.
You shrug off the repeated paralysis!
Reach: a) +0 trident
Press: ? - help, Dir - move target, f/p - Grinder
Aim: Grinder (severely wounded, about 42% to evade your +0 trident)
You reach to attack!
You closely miss Grinder.
Grinder is severely wounded.
You barely miss Grinder.
Grinder is severely wounded.
Grinder closely misses you. x2
You hit Grinder but do no damage.
Grinder is severely wounded.
Grinder gestures at you. Pain shoots through your body!
You die...
Grinder says, "Now the real fun starts!"

####### ......# ..#
#####.... ..# #####
#.# .?.# ..... ...
...### #####
#.#########...... #
#................ #
#.............. #
#...5@†........ #
#########..######....
# #............# .
######............#
...................#
.................#.#
.................#.#
.................# #
....##############


You could see Grinder.

Vanquished Creatures
  Jessica (D:2)
  Robin (D:3)
  3 gnolls (D:2)
  An adder (D:2)
  A dart slug (D:2)
  7 bats
  5 endoplasms
  11 hobgoblins
  5 jackals
  4 quokkas
  2 ball pythons (D:1)
  3 frilled lizards
  A giant cockroach (D:2)
  8 goblins
  4 kobolds
  5 rats
62 creatures vanquished.

Notes
Turn   | Place    | Note
-------+----------+-------------------------------------------
     0 | D:1      | NotreDorf the Merfolk Gladiator began the quest for the
                  | Orb.
     0 | D:1      | Reached XP level 1. HP: 16/16 MP: 1/1
    58 | D:1      | Reached XP level 2. HP: 23/23 MP: 2/2
   313 | D:1      | Reached XP level 3. HP: 28/28 MP: 4/4
   653 | D:2      | Identified the +5 falchion of Kismet {spect, ^Fragile rN+
                  | Int+5}
   684 | D:2      | Reached skill level 1 in Shapeshifting
   702 | D:2      | Reached XP level 4. HP: 15/34 MP: 5/5
   861 | D:2      | Reached skill level 1 in Unarmed Combat
  1131 | D:2      | Noticed Jessica
  1138 | D:2      | Killed Jessica
  1330 | D:3      | Noticed Robin
  1339 | D:3      | Reached XP level 5. HP: 39/41 MP: 6/6
  1356 | D:3      | Killed Robin
  1357 | D:3      | Reached skill level 5 in Polearms
  1365 | D:3      | Reached skill level 5 in Dodging
  1509 | D:3      | Noticed Grinder
  1516 | D:3      | Paralysed by Grinder for 2 turns
  1535 | D:3      | Paralysed by Grinder for 5 turns
  1544 | D:3      | Killed from afar by Grinder

Illustrated notes

Levels and vault maps discovered:
D:1:      lightli_arrival_maybe_door_vault, layout_rooms,
          chequers_serial_rivers_micro_b
D:2:      layout_basic, kennysheep_doodads, uniq_jessica
D:3:      layout_basic, lemuel_round_altar, nicolae_overflow_ecumenical_swirl,
          uniq_robin, uniq_grinder

Skill      XL: |  1  2  3  4  5 |
---------------+----------------+-----
Shapeshifting  | 1 2 |  2.0
Fighting       | 3 |  3.3
Unarmed Combat | 1 |  1.4
Polearms       | 5 |  5.0
Dodging        | 5 |  5.0
Throwing       | |  2.0
Spellcasting   | |  0.8

Action                     |  1- 3 |  4- 6 || total
---------------------------+-------+-------++-------
  Melee: Trident           |   102 |   106 ||   208
         Punch             |       |     3 ||     3
  Throw: Throwing net      |       |     2 ||     2
    Use: Potion            |     1 |     1 ||     2
   Stab: Sleeping          |       |     2 ||     2
         Held in net/web   |       |     1 ||     1
 Armour: Leather armour    |    51 |    49 ||   100
  Dodge: Dodged            |    60 |    49 ||   109
